AoeStats
← Tegernseer1847

Arena

508090552Analyzed
4v4 RM · 13d ago on Sep 20, 2026· 55m 59s· 8 players
Game mode
Random Map
Map size
Large (8 player)
Population
200
Speed
Normal
Resources
Standard
Victory
Conquest
Starting age
Dark Age
Ending age
Imperial Age
RankedLock teamsTeams togetherTeam positionsShared explorationLock speedFull tech treeHidden civsTurbo modeCheats
Victory
Defeat
🇧🇬 Malay · Bulgaria
588
+12
🇹🇷 Jurchens · Türkiye
588
+12
🇲🇽 Bohemians · Mexico
514
+15
🇨🇱 Britons · Chile
467
+17
🇺🇸 Vietnamese · United States
614
-19
🇲🇽 Teutons · Mexico
487
-14
🇺🇸 Aztecs · United States
454
-12
🇩🇪 Khmer · Germany
409
-11
cristobal.jimenezlazo
7:05 Loom
9:28 Feudal Age
18:49 Castle Age
18:07 Man-at-Arms
18:42 Double-Bit Axe
18:39 Horse Collar
22:03 Stone Mining
24:52 Murder Holes
27:29 Fortified Wall
28:37 Pikeman
30:35 Crossbowman
31:43 Ballistics
37:24 Gold Mining
40:26 Imperial Age
38:10 Light Cavalry
40:42 Wheelbarrow
41:49 Conscription
42:41 Arbalester
44:17 Hand Cart
47:27 Yeomen
48:09 Fletching
48:30 Forging
49:24 Chemistry
49:04 Masonry
55:13 Iron Casting
54:34 Bodkin Arrow
54:54 Bow Saw
55:30 Heavy Plow
56:16 Hoardings
robertosminor89
0:33 Loom
11:34 Feudal Age
13:20 Wheelbarrow
12:38 Double-Bit Axe
15:24 Horse Collar
23:26 Castle Age
24:44 Hand Cart
25:01 Bow Saw
25:50 Heavy Plow
26:11 Forging
26:07 Padded Archer Armor
25:58 Fletching
28:02 Leather Archer Armor
28:10 Caravan
28:52 Coinage
31:13 Bodkin Arrow
35:04 Iron Casting
37:53 Imperial Age
36:38 Chemistry
35:59 Ballistics
35:51 Fortified Wall
35:52 Pikeman
36:32 Squires
36:18 Arson
38:19 Murder Holes
40:04 Two-Man Saw
39:46 Ring Archer Armor
39:16 Bracer
40:17 Blast Furnace
40:40 Guilds
41:00 Banking
43:02 Bombard Tower
43:16 Elite Hussite Wagon
45:20 Houfnice
48:25 Scale Mail Armor
48:32 Scale Barding Armor
49:16 Masonry
49:13 Siege Engineers
yomamacry
3:46 Loom
11:23 Feudal Age
12:06 Wheelbarrow
11:17 Horse Collar
12:00 Double-Bit Axe
18:16 Man-at-Arms
19:42 Town Watch
23:51 Castle Age
25:50 Bow Saw
25:42 Heavy Plow
26:20 Fletching
26:40 Forging
27:29 Hand Cart
28:01 Murder Holes
29:22 Treadmill Crane
30:49 Caravan
32:45 Forging
33:38 Masonry
36:13 Imperial Age
33:35 Gold Mining
33:37 Stone Mining
35:32 Gold Shaft Mining
35:33 Stone Shaft Mining
35:42 Ballistics
36:52 Chemistry
37:08 Conscription
38:21 Town Patrol
40:40 Forced Levy
42:25 Iron Casting
41:45 Bodkin Arrow
41:51 Padded Archer Armor
41:57 Scale Barding Armor
42:15 Elite Battle Elephant
43:31 Elite Karambit Warrior
45:15 Elite Skirmisher
46:38 Leather Archer Armor
46:24 Bracer
47:16 Thumb Ring
53:17 Ring Archer Armor
53:48 Blast Furnace
ceremison
0:39 Loom
12:38 Feudal Age
14:38 Horse Collar
14:57 Gold Mining
15:17 Double-Bit Axe
20:17 Castle Age
20:29 Stone Mining
22:47 Bow Saw
22:42 Heavy Plow
23:44 Gold Shaft Mining
23:46 Stone Shaft Mining
23:53 Stone Shaft Mining
29:24 Treadmill Crane
30:06 Ballistics
32:41 Imperial Age
30:52 Wheelbarrow
30:03 Town Watch
32:19 Masonry
32:23 Siege Engineers
32:29 Fortified Wall
33:45 Hand Cart
35:02 Chemistry
34:20 Town Patrol
34:27 Arson
34:43 Squires
37:03 Crop Rotation
37:38 Two-Man Saw
37:13 Architecture
36:37 Guard Tower
37:27 Padded Archer Armor
37:18 Fletching
37:38 Forging
37:29 Scale Mail Armor
37:54 Scale Barding Armor
38:35 Caravan
39:05 Coinage
38:46 Guilds
39:50 Keep
39:00 Arrowslits
38:40 Heavy Rocket Cart
40:03 Conscription
39:26 Pikeman
41:56 Halberdier
42:54 Thunderclap Bombs
43:27 Banking
43:21 Murder Holes
43:12 Arrowslits
43:46 Leather Archer Armor
51:26 Ring Archer Armor
50:52 Bodkin Arrow
51:32 Iron Casting
51:13 Chain Mail Armor
51:18 Chain Barding Armor
52:52 Fortified Bastions
53:28 Hoardings
Tegernseer1847
10:25 Feudal Age
9:41 Loom
11:11 Horse Collar
11:20 Double-Bit Axe
13:09 Wheelbarrow
19:05 Castle Age
18:36 Stone Mining
18:40 Gold Mining
21:04 Husbandry
23:44 Fortified Wall
25:45 Bloodlines
24:56 Light Cavalry
26:44 Scale Barding Armor
26:40 Scale Mail Armor
26:51 Forging
27:02 Hand Cart
27:01 Heavy Plow
27:13 Bow Saw
27:28 Caravan
32:58 Imperial Age
33:16 Hussar
35:33 Double Crossbow
36:01 Conscription
40:08 Chain Barding Armor
40:04 Chain Mail Armor
40:24 Iron Casting
40:06 Heavy Scorpion
41:49 Plate Barding Armor
51:18 Blast Furnace
mankey
18:18 Feudal Age
18:55 Horse Collar
19:03 Double-Bit Axe
19:18 Gold Mining
25:57 Castle Age
25:21 Forging
25:12 Scale Mail Armor
26:15 Wheelbarrow
25:47 Stone Mining
26:16 Arson
27:17 Iron Casting
26:58 Chain Mail Armor
26:08 Eagle Warrior
27:13 Caravan
28:31 Bow Saw
28:36 Heavy Plow
28:47 Squires
29:51 Hand Cart
39:07 Imperial Age
38:56 Gold Shaft Mining
40:33 Stone Shaft Mining
39:27 Elite Jaguar Warrior
40:29 Conscription
41:00 Garland Wars
41:54 Crop Rotation
jla
0:39 Loom
11:54 Feudal Age
13:12 Wheelbarrow
12:26 Double-Bit Axe
12:24 Horse Collar
19:36 Castle Age
20:38 Hand Cart
20:37 Bow Saw
20:29 Heavy Plow
20:23 Gold Mining
22:00 Stone Mining
25:00 Caravan
27:22 Forging
27:38 Pikeman
28:18 Squires
29:19 Stone Shaft Mining
32:33 Iron Casting
31:59 Scale Mail Armor
31:49 Fletching
32:00 Padded Archer Armor
36:36 Imperial Age
33:59 Treadmill Crane
34:16 Murder Holes
34:42 Ballistics
37:52 Chain Mail Armor
37:50 Elite Rattan Archer
38:53 Paper Money
39:11 Hoardings
38:34 Arson
38:10 Halberdier
38:58 Thumb Ring
38:14 Crossbowman
38:17 Elite Skirmisher
38:24 Elite Skirmisher
39:37 Crop Rotation
38:58 Town Watch
40:23 Chemistry
40:40 Two-Man Saw
39:32 Arrowslits
40:23 Plate Mail Armor
39:59 Bodkin Arrow
40:24 Leather Archer Armor
39:40 Imperial Skirmisher
41:26 Town Patrol
41:41 Fortified Wall
41:40 Scale Barding Armor
41:58 Siege Engineers
43:22 Bracer
43:52 Ring Archer Armor
43:43 Chain Barding Armor
joysiar
2:27 Loom
13:42 Feudal Age
15:00 Wheelbarrow
14:09 Horse Collar
17:09 Double-Bit Axe
25:01 Castle Age
23:11 Arson
24:47 Stone Mining
24:47 Gold Mining
25:33 Fletching
25:47 Scale Mail Armor
Connection lost

Rejoining the realm…

Still unreachable

The connection could not be restored.

Session expired

The server has moved on; the page needs a fresh start.